 Dungeon Crawl Stone Soup version 0.21-a0-228-g14ccbf3 (webtiles) character file.

125 Monsterracer the Insei (level 5, -10/55 HPs)
             Began as a Merfolk Transmuter on Aug 31, 2017.
             Was an Initiate of Okawaru.
             Killed by nerve-wracking pain
             ... invoked by a shadow imp
             ... summoned by Natasha
              (14 damage)
             ... on level 3 of the Dungeon.
             The game lasted 00:04:28 (2346 turns).

Monsterracer the Insei (Merfolk Transmuter)         Turns: 2346, Time: 00:04:29

Health: -10/55     AC:  4    Str: 17    XL:     5   Next: 9%
Magic:  5/8        EV: 18    Int: 13    God:    Okawaru [......]
Gold:   228        SH:  0    Dex: 20    Spells: 4/8 levels left

rFire    + . .     SeeInvis .     - Unarmed
rCold    . . .     Gourm    +   (no shield)
rNeg     . . .     Faith    .   r - +0 robe (curse)
rPois    +         Spirit   .   (no helmet)
rElec    .         Reflect  .   (no cloak)
rCorr    .         Harm     .   q - +1 pair of gloves
MR       .....                  (no boots)
Stlth    ..........             k - amulet of the gourmand
HPRegen  0.18/turn              f - ring of poison resistance
MPRegen  0.11/turn              (no ring)

@: agile, berserking, slowed
A: change form in water, swift swim, stealthy swim, camouflage 1, fire
resistance 1, strong 1
a: Renounce Religion


You were on level 3 of the Dungeon.
You worshipped Okawaru.
Okawaru was noncommittal.
You were not hungry.

You visited 1 branch of the dungeon, and saw 3 of its levels.

You collected 228 gold pieces.

Inventory:

Missiles
 a - 29 arrows
Armour
 q - a +1 pair of gloves (worn)
 r - a cursed +0 robe (worn)
Jewellery
 f - a ring of poison resistance (left hand)
 k - an amulet of the gourmand (around neck)
Wands
 l - a wand of lightning (6/15)
Scrolls
 e - 2 scrolls of recharging {unknown}
 j - a scroll of enchant weapon {unknown}
 n - a scroll of identify {unknown}
 o - 3 scrolls of remove curse {unknown}
 s - a scroll of fear {unknown}
 t - a scroll of enchant armour {unknown}
 u - a scroll of teleportation {unknown}
Potions
 h - a potion of heal wounds {unknown}
 m - a potion of haste {unknown}
 p - a potion of curing {unknown}
Books
 c - a book of Changes

   Spells                             Type                      Level
   a - Beastly Appendage              Transmutation                1
   b - Sticks to Snakes               Transmutation                2
   c - Spider Form                    Transmutation/Poison         3
   d - Ice Form                       Ice/Transmutation            4
   e - Blade Hands                    Transmutation                5
Comestibles
 d - 4 bread rations


   Skills:
 - Level 1.1 Fighting
 - Level 2.6 Dodging
 + Level 5.0 Unarmed Combat
 - Level 2.0 Spellcasting
 + Level 4.9 Transmutations


You had 4 spell levels left.
You knew the following spells:

 Your Spells              Type           Power        Failure   Level  Hunger
a - Beastly Appendage     Tmut           ##....       3%          1    ##.....
c - Spider Form           Tmut/Pois      #.........   28%         3    ####...


Dungeon Overview and Level Annotations

Branches:
Dungeon (3/15)

Altars:
Ashenzari
Okawaru
Vehumet

Annotations:
D:3 Natasha


Innate Abilities, Weirdness & Mutations

You revert to your normal form in water.
You are very nimble and swift while swimming.
You are very stealthy in the water. (Stealth+)
Your skin changes colour to match your surroundings (Stealth+).
Your flesh is heat resistant. (rF+)
Your muscles are strong. (Str +2)


Message History

You feel resistant to heat.
Natasha stares at you and mumbles some strange words.
The magic dart hits you!
* * * LOW HITPOINT WARNING * * *
The giant cockroach completely misses you.
Natasha extends her claws.
The giant cockroach misses you.
Huge Dmg: -5%(-2hp) hp: 6%(2hp) It was a potion of berserk rage.
A red film seems to cover your vision as you go berserk!
You feel yourself moving faster!
You feel mighty!
The giant cockroach completely misses you.
Natasha mumbles some strange words.
The giant cockroach completely misses you.
You punch the giant cockroach!
You kill the giant cockroach!
Okawaru accepts your kill. The shadow imp gestures at you.
Pain shoots through your body!
You die...

####.. #.#.... #####...#
#(#..## ...##....)#.###
#...... ..............#
###...# ..##.#†##.##.#
#...# . #.#....##.#
#...# ... #.#.##.##.#
#...#
.....#.#.......#####...#
..5....@###.###.........
.....h..# #.............
........# #.###.........
.....###. .....#####...#
..... . #.##. #.....
#### .##.##. #..... ....
#. #..... .. #. ##...#
.. ##...


You could see Natasha and a shadow imp.

Vanquished Creatures
  Natasha (twice) (D:3)
  An adder (D:2)
  A worm (D:3)
  A dart slug (D:2)
  3 leopard geckos
  A ball python (D:2)
  5 bats
  2 giant cockroaches
  10 goblins
  5 hobgoblins
  3 jackals (D:2)
  5 kobolds
  4 quokkas (D:2)
  4 frilled lizards
  9 rats
56 creatures vanquished.

Vanquished Creatures (others)
  A giant cockroach (D:2)
  A kobold (D:2)
  A rat (D:2)
3 creatures vanquished.

Grand Total: 59 creatures vanquished

Notes
Turn   | Place    | Note
-------+----------+-------------------------------------------
     0 | D:1      | Monsterracer the Merfolk Transmuter began the quest for the Orb.
     0 | D:1      | Reached XP level 1. HP: 15/15 MP: 3/3
   117 | D:1      | HP: 7/15 [hobgoblin (4)]
   122 | D:1      | Reached XP level 2. HP: 11/21 MP: 3/5
   381 | D:1      | HP: 10/21 [bat (1)]
   831 | D:1      | Found a shattered altar of Ashenzari.
   844 | D:1      | HP: 7/21 [kobold/short sword (4)]
   949 | D:1      | HP: 10/21 [rat (3)]
  1048 | D:1      | Reached skill level 4 in Unarmed Combat
  1151 | D:2      | Reached XP level 3. HP: 25/26 MP: 6/6
  1156 | D:2      | Learned a level 3 spell: Spider Form
  1437 | D:2      | Found an iron altar of Okawaru.
  1538 | D:2      | Became a worshipper of Warmaster Okawaru
  1664 | D:2      | Found a radiant altar of Vehumet.
  1802 | D:2      | Reached XP level 4. HP: 32/32 MP: 7/7
  2306 | D:3      | Noticed Natasha
  2313 | D:3      | Killed Natasha
  2325 | D:3      | Noticed Natasha
  2330 | D:3      | HP: 14/32 [white imp/puff of frost[Natasha] (6)]
  2335 | D:3      | HP: 3/32 [white imp/puff of frost[Natasha] (6)]
  2336 | D:3      | Killed Natasha
  2336 | D:3      | Reached skill level 5 in Unarmed Combat
  2336 | D:3      | Reached XP level 5. HP: 4/37 MP: 3/8
  2341 | D:3      | HP: 4/37 [giant cockroach (1)]
  2342 | D:3      | Noticed Natasha
  2343 | D:3      | Gained mutation: Your muscles are strong. (Str +2) [potion of mutation]
  2343 | D:3      | Gained mutation: Your skin changes colour to match your surroundings (Stealth+). [potion of mutation]
  2343 | D:3      | Gained mutation: Your flesh is heat resistant. (rF+) [potion of mutation]
  2346 | D:3      | Killed from afar by a shadow imp

Vault maps used:
D:1:      dpeg_arrival_refuge, evilmike_ruin_ashenzari
D:2:      fiery_altar_vehumet, kennysheep_okawaru_gauntlet
D:3:      nicolae_gozag_zags_fifth_avenue, lemuel_round_altar, uniq_natasha,
          uniq_robin

Skill      XL: |  1  2  3  4 |
---------------+-------------+-----
Transmutations | 3 4 |  4.9
Unarmed Combat | 4 5 |  5.0
Fighting       | |  1.1
Dodging        | |  2.6
Spellcasting   | |  2.0

Action                   |  1- 3 |  4- 6 || total
-------------------------+-------+-------++-------
Melee: Unarmed           |   127 |    59 ||   186
       Headbutt          |     3 |       ||     3
       Punch             |     1 |       ||     1
 Cast: Beastly Appendage |     7 |     2 ||     9
       Spider Form       |     2 |     3 ||     5
  Use: Potion            |       |     3 ||     3
 Stab: Sleeping          |     1 |     1 ||     2
  Eat: Chunk             |     3 |     3 ||     6
Armor: Robe              |    19 |     8 ||    27
       Skin              |     2 |     2 ||     4
Dodge: Dodged            |    70 |    45 ||   115

Table legend:
 A = Spawn XP
 B = Non-spawn XP
 C = Spawn XP percentage of total XP
 D = Spawn monster count
 E = Non-spawn monster count
 F = Spawn count percentage of total count
 G = Total turns spent on level
                    A         B        C        D         E        F      G
               +---------+---------+-------+---------+---------+-------+---------
         Total |      13 |     166 |   7.3 |       8 |      48 |  14.3 |  2346
               +---------+---------+-------+---------+---------+-------+---------
           D:1 |      10 |      25 |  28.6 |       6 |      17 |  26.1 |  1187
           D:2 |       1 |      62 |   1.6 |       1 |      25 |   3.8 |   947
           D:3 |       2 |      79 |   2.5 |       1 |       6 |  14.3 |   212
               +---------+---------+-------+---------+---------+-------+---------
